 Dungeon Crawl Stone Soup version 0.31-a0-222-gefeffbb62a (webtiles) character file.

Game seed: 15037371969353416096

47 Ijustatesigmund the Stinger (level 3, -6/23 HPs)
             Began as an Octopode Venom Mage on July 5, 2023.
             Mangled by Sigmund
             ... wielding a +0 scythe
              (10 damage)
             ... on level 2 of the Dungeon.
             The game lasted 00:02:53 (1502 turns).

Ijustatesigmund the Stinger (Octopode Venom Mage)   Turns: 1502, Time: 00:02:54

Health: -6/23      AC:  1    Str:  7    XL:     3   Next: 70%
Magic:  5/6        EV: 13    Int: 19    God:
Gold:   139        SH:  0    Dex: 12    Spells: 4/7 levels left

rFire   . . .        e - +0 trident
rCold   . . .        (no shield)
rNeg    . . .        (helmet restricted)
rPois   .            (no amulet)
rElec   .            (no ring)
rCorr   .            (no ring)
SInv    .            (no ring)
Will    .....        (no ring)
Stlth   ++           (no ring)
HPRegen 0.23/turn    (no ring)
MPRegen 0.10/turn    (no ring)
                     (no ring)

%: no passive effects
@: confused, attractive, hasted, very quick
A: almost no armour, amphibious, 8 rings, camouflage 1, gelatinous body 1,
(nimble swimmer 1), tentacles
a: no special abilities


You were on level 2 of the Dungeon.
You visited 1 branch of the dungeon, and saw 2 of its levels.

You collected 139 gold pieces.

Inventory:

Hand Weapons
 e - a +0 trident (weapon)
Armour
 g - a +0 kite shield
Scrolls
 c - a scroll of brand weapon {unknown}
 d - a scroll of identify
 f - 2 scrolls of vulnerability {unknown}
 i - a scroll of silence {unknown}
 j - 2 scrolls of fear {unknown}
Potions
 a - a potion of magic
 b - 2 potions of brilliance


   Skills:
 + Level 1.5 Fighting
 - Level 2.0 Dodging
 - Level 2.6 Stealth
 + Level 2.5 Spellcasting
 - Level 1.0 Transmutations
 + Level 1.0 Air Magic
 + Level 4.2 Poison Magic


You had 4 spell levels left.
You knew the following spells:

 Your Spells              Type           Power      Damage    Failure   Level
a - Sting                 Tmut/Pois      48%        1d5       5%          1
b - Poisonous Vapours     Pois/Air       24%        N/A       9%          2

Your spell library contained the following spells:

 Spells                   Type           Power      Damage    Failure   Level
 Mephitic Cloud           Conj/Pois/Air  9%         N/A       24%         3
 Olgreb's Toxic Radiance  Pois           18%        N/A       28%         4


Dungeon Overview and Level Annotations

Branches:
Dungeon (2/15)

Altars:

Annotations:
D:2 Sigmund


Innate Abilities, Weirdness & Mutations

You cannot wear most types of armour.
You are amphibious.
You can wear up to eight rings at the same time.
Your skin changes colour to match your surroundings (Stealth+).
Your rubbery body absorbs attacks. (AC +1, EV +1)
((You are camouflaged when in or above water. (Stealth+)))
You have tentacles for arms and can constrict up to eight enemies at once.


Message History

You feel yourself speed up.
You feel less confused.
Casting: Poisonous Vapours (safe; 9% risk of failure)
Confirm with . or Enter, or press ? or * to list all spells.
Aiming: Sting (safe; 5% risk of failure)
Press: ? - help, Shift-Dir - straight line, f - Sigmund
Aim: Sigmund, wielding a +0 scythe and wearing a +0 robe (68% to hit)
The sting hits Sigmund.
Sigmund is poisoned.
Sigmund is lightly wounded.
Sigmund gestures at you while chanting.
You are confused.
You're too confused to cast spells.
You barely miss Sigmund.
Sigmund is lightly wounded.
Sigmund casts a spell at you.
You are more confused.
You completely miss Sigmund.
Sigmund is lightly wounded.
Sigmund hits you with a +0 scythe!
You bump into the rock wall.
You barely miss Sigmund. Your squeeze misses Sigmund.
Sigmund is lightly wounded.
Sigmund points at you and mumbles some strange words.
The magic dart hits you!
* * * LOW HITPOINT WARNING * * *
Okay, then.
You bump into the rock wall.
Sigmund says, "Now you see me, now you don't..."
Sigmund barely misses you.
You bump into the rock wall.
You bump into the rock wall.
You're too confused to cast spells.
Sigmund misses you. Sigmund is attracted toward you.
You closely miss Sigmund. Your squeeze misses Sigmund.
Sigmund is lightly wounded.
Sigmund looks more healthy.
You miss Sigmund.
Sigmund is lightly wounded.
Sigmund hits you with a +0 scythe!
You die...

... ##..# #.#
#.# #..# #.#
#.# #... #.#
#.# #####.##
#.# #.#
#....... #.#
#.# #.###.##
#.# #.# #.###.#
##ยง#####.#
#.##..#
#..@@....#
#.##.##
#.#####.####
#.##.# #.#
#.##.###.##.#
#.#
#.....##.##.#.#
#.#
#.##.###.##.#.#
#.#####<##.#
#.##.#.#
#.......##.#
#.##.#.#
####.#####.#
#.##.#.# #.#
#.# #.......


You could see Sigmund.

Vanquished Creatures
  2 adders (D:2)
  A dart slug (D:2)
  3 ball pythons (D:1)
  3 endoplasms
  3 giant cockroaches
  2 goblins (D:2)
  2 hobgoblins (D:1)
  2 quokkas
  A bat (D:2)
  A frilled lizard (D:1)
  4 kobolds
  A rat (D:2)
25 creatures vanquished.

Notes
Turn   | Place    | Note
-------+----------+-------------------------------------------
     0 | D:1      | Ijustatesigmund the Octopode Venom Mage began the quest for
                  | the Orb.
     0 | D:1      | Reached XP level 1. HP: 11/11 MP: 3/3
   410 | D:1      | Reached XP level 2. HP: 16/18 MP: 5/5
   551 | D:1      | Learned a level 2 spell: Poisonous Vapours
   783 | D:1      | Reached skill level 1 in Fighting
   924 | D:2      | Reached skill level 4 in Poison Magic
  1075 | D:2      | Reached XP level 3. HP: 18/23 MP: 1/6
  1215 | D:2      | Reached skill level 1 in Air Magic
  1357 | D:2      | Found a faded altar of an unknown god.
  1482 | D:2      | Noticed Sigmund
  1502 | D:2      | Mangled by Sigmund

Illustrated notes

Levels and vault maps discovered:
D:1:      dpeg_arrival_connections, layout_basic
D:2:      layout_loops_ring, shapermc_ecumenical_altar_acropolis, basic_altar,
          uniq_sigmund

Skill      XL: |  1  2  3 |
---------------+----------+-----
Fighting       | 1 |  1.5
Poison Magic   | 4 |  4.2
Air Magic      | 1 |  1.0
Dodging        | |  2.0
Stealth        | |  2.6
Spellcasting   | |  2.5
Transmutations | |  1.0

Action                     || total
---------------------------++-------
  Melee: Unarmed           ||    12
         Hand axe          ||    32
         Constrict         ||    10
         Tentacles         ||     9
         Dagger            ||     1
         Punch             ||     1
         Trident           ||     9
   Cast: Sting             ||     5
         Poisonous Vapours ||     9
    Use: Scroll            ||     2
         Potion            ||     2
   Stab: Sleeping          ||     7
 Armour: Skin              ||     1
  Dodge: Dodged            ||    41

Table legend: (Time is in decaauts)
 A = Elapsed time spent in this place.
 B = Non-inter-level travel time spent in this place.
 C = Inter-level travel time spent in this place.
 D = Time resting spent in this place.
 E = Time spent auto-exploring this place.
 F = Levels seen in this place.
 G = Mean time per level.
                   A        B        C        D        E       F      G
               +--------+--------+--------+--------+--------+-----+--------+
         Total |   1509 |   1440 |     69 |    334 |    875 |   2 |  754.5 |
       Dungeon |   1509 |   1440 |     69 |    334 |    875 |   2 |  754.5 |
               +--------+--------+--------+--------+--------+-----+--------+

Top non-repeatable levels by time:
     D:1: 917 daAuts
     D:2: 592 daAuts
